[ AOE2 MATCH · #487102715 ]
UnrankedMagyars vs Wu
[ REPLAY ANALYSIS · EXTRACTED FROM THE RECORDED GAME ]
Feudal
9:56
Castle
18:07
Imperial
30:52
| APM avg | 17.0 |
| APM peak | 55 |
| eAPM avg | 12.5 |
| Villagers / military | 128 / 103 |
Focus
⚔️ 27.5% · 🌾 72.5%
Magyar Huszar ×43 · Spearman ×29 · Skirmisher ×24 · Mangonel ×6 · Monk ×1
Feudal
11:55
Castle
20:30
Imperial
37:03
| APM avg | 17.7 |
| APM peak | 45 |
| eAPM avg | 12.9 |
| Villagers / military | 85 / 67 |
Focus
⚔️ 39.7% · 🌾 60.3%
Spearman ×64 · Unknown (1968) ×60 · Unknown (1974) ×13 · Monk ×3
Feudal
11:18
Castle
15:23
Imperial
28:25
| APM avg | 19.7 |
| APM peak | 36 |
| eAPM avg | 15.4 |
| Villagers / military | 138 / 189 |
Focus
⚔️ 20.6% · 🌾 79.4%
Spearman ×170 · Bombard Cannon ×18 · Monk ×1
Feudal
9:00
Castle
14:45
Imperial
31:56
| APM avg | 16.6 |
| APM peak | 36 |
| eAPM avg | 11.6 |
| Villagers / military | 107 / 112 |
Focus
⚔️ 33.1% · 🌾 66.9%
Tarkan ×112
Feudal
11:09
Castle
19:01
Imperial
37:12
| APM avg | 21.2 |
| APM peak | 44 |
| eAPM avg | 15.6 |
| Villagers / military | 114 / 140 |
Focus
⚔️ 32.1% · 🌾 67.9%
Scout Cavalry ×90 · Janissary ×43 · Bombard Cannon ×7
Feudal
14:09
Castle
20:59
Imperial
39:58
| APM avg | 22.3 |
| APM peak | 56 |
| eAPM avg | 15.6 |
| Villagers / military | 93 / 156 |
Focus
⚔️ 19.3% · 🌾 80.7%
Militia ×84 · Spearman ×30 · Scorpion ×27 · Battering Ram ×13 · Mangonel ×2
Feudal
10:41
Castle
21:58
Imperial
—
| APM avg | 5.1 |
| APM peak | 21 |
| eAPM avg | 4.3 |
| Villagers / military | 62 / 26 |
Focus
⚔️ 14.9% · 🌾 85.1%
Woad Raider ×11 · Archer ×6 · Spearman ×6 · Knight ×3 · Trade Cart ×2
Feudal
12:12
Castle
16:21
Imperial
44:00
| APM avg | 21.5 |
| APM peak | 60 |
| eAPM avg | 14.7 |
| Villagers / military | 77 / 140 |
Focus
⚔️ 31.4% · 🌾 68.6%
Archer ×86 · Spearman ×54
Match map
Initial resources + every placement click. Lines = walls · curves = elevation contours. ◆ gold · ⬟ stone · ● berries · ✦ relic · ◌ wall gap
Your base· ✓ Closed at 18:07 · 0t walls · 2 gate(s)
Ana Catalina's base· ✓ Closed at 20:30 · 0t walls · 4 gate(s)
kuzeyin oğlu's base· ✓ Closed at 15:23 · 0t walls · 2 gate(s)
费加兰德·红发香克斯's base· ✓ Closed at 14:45 · 0t walls · 3 gate(s)
siarrez's base· ✓ Closed at 19:01 · 0t walls · 2 gate(s)
G.Best's base· ✓ Closed at 20:59 · 0t walls · 2 gate(s)
oos's base· ✓ Closed at 21:58 · 0t walls · 2 gate(s)
Sam Gupta's base· ✓ Closed at 16:21 · 0t walls · 2 gate(s)
Smoothed initial terrain · ◌ = detected wall gap · hover for details
Inputs per minute
— Kelvin.Xu - - Ana Catalina
Build order — Kelvin.Xu
First 150 of 401 actions detected
| 0:04 | Create | Villager (Male) |
| 0:06 | Build | House |
| 0:08 | Build | House |
| 0:13 | Create | Villager (Male) |
| 0:27 | Create | Villager (Male) |
| 0:33 | Create | Villager (Male) |
| 1:28 | Create | Villager (Male) |
| 1:28 | Create | Villager (Male) |
| 2:03 | Create | Villager (Male) |
| 2:23 | Create | Villager (Male) |
| 2:46 | Create | Villager (Male) |
| 3:04 | Create | Villager (Male) |
| 3:27 | Create | Villager (Male) |
| 3:27 | Create | Villager (Male) |
| 4:00 | Build | House |
| 4:02 | Build | House |
| 4:19 | Build | Mill |
| 4:38 | Create | Villager (Male) |
| 5:00 | Create | Villager (Male) |
| 5:22 | Build | Lumber Camp |
| 5:47 | Create | Villager (Male) |
| 6:08 | Create | Villager (Male) |
| 6:46 | Build | Mill |
| 7:20 | Build | House |
| 7:46 | Research | Feudal Age |
| 8:40 | Create | Villager (Male) |
| 8:40 | Create | Villager (Male) |
| 9:51 | Create | Villager (Male) |
| 9:56 | Age | Feudal Age |
| 10:09 | Build | Mining Camp |
| 10:27 | Create | Villager (Male) |
| 10:40 | Research | Double-Bit Axe |
| 10:41 | Research | Horse Collar |
| 11:03 | Create | Villager (Male) |
| 11:23 | Create | Villager (Male) |
| 11:33 | Build | House |
| 12:00 | Build | Blacksmith |
| 12:06 | Create | Villager (Male) |
| 12:23 | Create | Villager (Male) |
| 12:27 | Create | Villager (Male) |
| 12:35 | Build | House |
| 12:58 | Build | Market |
| 13:05 | Create | Villager (Male) |
| 13:22 | Build | House |
| 13:26 | Create | Villager (Male) |
| 14:29 | Create | Villager (Male) |
| 15:02 | Build | Farm |
| 15:27 | Research | Castle Age |
| 15:33 | Build | Farm |
| 15:33 | Build | Farm |
| 15:33 | Build | Farm |
| 15:34 | Build | Farm |
| 15:34 | Build | Farm |
| 15:34 | Build | Farm |
| 15:34 | Build | Farm |
| 15:41 | Build | Farm |
| 16:00 | Build | Farm |
| 17:31 | Create | Villager (Male) |
| 18:02 | Create | Villager (Male) |
| 18:07 | Age | Castle Age |
| 18:26 | Build | Town Center |
| 18:29 | Create | Villager (Male) |
| 18:33 | Create | Villager (Male) |
| 18:57 | Create | Villager (Male) |
| 19:12 | Build | Town Center |
| 19:16 | Research | Bow Saw |
| 19:18 | Create | Villager (Male) |
| 19:25 | Build | Lumber Camp |
| 19:35 | Create | Villager (Male) |
| 19:42 | Create | Villager (Male) |
| 19:52 | Build | Farm |
| 20:11 | Create | Villager (Male) |
| 20:13 | Create | Villager (Male) |
| 20:17 | Build | Farm |
| 20:18 | Create | Villager (Male) |
| 20:27 | Build | House |
| 20:33 | Build | Monastery |
| 20:36 | Create | Villager (Male) |
| 20:41 | Build | Farm |
| 20:48 | Create | Villager (Male) |
| 21:08 | Build | Farm |
| 21:16 | Build | House |
| 21:19 | Create | Villager (Male) |
| 21:21 | Create | Villager (Male) |
| 21:34 | Build | Farm |
| 21:39 | Build | Farm |
| 21:46 | Build | Farm |
| 21:47 | Create | Villager (Male) |
| 21:49 | Create | Villager (Male) |
| 21:59 | Build | Farm |
| 22:00 | Create | Villager (Male) |
| 22:03 | Build | Farm |
| 22:08 | Create | Villager (Male) |
| 22:24 | Create | Villager (Male) |
| 22:32 | Build | Farm |
| 22:33 | Create | Villager (Male) |
| 22:38 | Create | Villager (Male) |
| 22:46 | Create | Monk |
| 22:59 | Build | Farm |
| 23:06 | Create | Villager (Male) |
| 23:07 | Create | Villager (Male) |
| 23:09 | Create | Villager (Male) |
| 23:28 | Build | Mill |
| 23:29 | Build | Farm |
| 23:29 | Build | Farm |
| 23:30 | Build | Farm |
| 23:30 | Build | Farm |
| 23:33 | Create | Villager (Male) |
| 23:41 | Create | Villager (Male) |
| 23:46 | Create | Villager (Male) |
| 23:52 | Build | Farm |
| 24:06 | Build | House |
| 24:07 | Build | House |
| 24:11 | Research | Heavy Plow |
| 24:13 | Create | Villager (Male) |
| 24:15 | Create | Villager (Male) |
| 24:19 | Create | Villager (Male) |
| 24:45 | Build | Mining Camp |
| 24:48 | Create | Villager (Male) |
| 24:49 | Create | Villager (Male) |
| 24:50 | Create | Villager (Male) |
| 24:53 | Build | Farm |
| 25:05 | Build | House |
| 25:07 | Build | House |
| 25:09 | Build | House |
| 25:27 | Build | Castle |
| 25:30 | Create | Villager (Male) |
| 25:34 | Create | Villager (Male) |
| 25:35 | Create | Villager (Male) |
| 25:45 | Build | University |
| 25:51 | Create | Villager (Male) |
| 25:59 | Build | Town Center |
| 26:02 | Create | Villager (Male) |
| 26:05 | Create | Villager (Male) |
| 26:06 | Create | Villager (Male) |
| 26:21 | Create | Villager (Male) |
| 26:24 | Create | Villager (Male) |
| 26:24 | Create | Villager (Male) |
| 26:46 | Build | House |
| 26:50 | Build | House |
| 27:05 | Build | Siege Workshop |
| 27:13 | Create | Villager (Male) |
| 27:42 | Research | Imperial Age |
| 27:53 | Build | Farm |
| 27:55 | Build | Farm |
| 27:55 | Build | Farm |
| 27:59 | Build | Farm |
| 27:59 | Build | Farm |
| 28:00 | Build | Farm |
| 28:00 | Build | Farm |
Build order — Ana Catalina
First 150 of 346 actions detected
| 0:05 | Research | Loom |
| 0:06 | Create | Villager (Male) |
| 0:06 | Create | Villager (Male) |
| 0:06 | Create | Villager (Male) |
| 0:11 | Build | House |
| 0:13 | Build | House |
| 0:14 | Build | House |
| 0:16 | Build | House |
| 0:16 | Build | House |
| 0:18 | Build | House |
| 0:18 | Build | House |
| 0:19 | Build | House |
| 0:20 | Build | House |
| 1:58 | Create | Villager (Male) |
| 1:58 | Create | Villager (Male) |
| 2:21 | Create | Villager (Male) |
| 2:46 | Create | Villager (Male) |
| 3:06 | Create | Villager (Male) |
| 3:07 | Create | Villager (Male) |
| 4:20 | Create | Villager (Male) |
| 4:21 | Create | Villager (Male) |
| 4:21 | Create | Villager (Male) |
| 4:48 | Create | Villager (Male) |
| 5:28 | Build | Mill |
| 5:37 | Create | Villager (Male) |
| 6:02 | Create | Villager (Male) |
| 6:27 | Create | Villager (Male) |
| 6:37 | Create | Villager (Male) |
| 6:55 | Create | Villager (Male) |
| 7:42 | Create | Villager (Male) |
| 7:42 | Create | Villager (Male) |
| 8:01 | Build | Lumber Camp |
| 8:10 | Create | Villager (Male) |
| 8:10 | Create | Villager (Male) |
| 9:22 | Research | Feudal Age |
| 10:13 | Create | Villager (Male) |
| 10:13 | Create | Villager (Male) |
| 10:13 | Create | Villager (Male) |
| 10:14 | Create | Villager (Male) |
| 10:16 | Create | Villager (Male) |
| 10:16 | Create | Villager (Male) |
| 10:16 | Create | Villager (Male) |
| 10:19 | Create | Villager (Male) |
| 10:19 | Create | Villager (Male) |
| 10:34 | Build | Farm |
| 10:36 | Build | Farm |
| 10:38 | Build | Farm |
| 10:40 | Build | Farm |
| 10:51 | Build | Farm |
| 11:11 | Build | Mill |
| 11:55 | Age | Feudal Age |
| 12:22 | Build | Market |
| 12:50 | Build | Mining Camp |
| 13:04 | Research | Double-Bit Axe |
| 14:28 | Create | Villager (Male) |
| 14:36 | Build | Blacksmith |
| 14:39 | Build | House |
| 14:40 | Build | House |
| 14:48 | Build | Farm |
| 14:54 | Build | Farm |
| 15:07 | Build | Mining Camp |
| 15:09 | Create | Villager (Male) |
| 15:10 | Create | Villager (Male) |
| 15:28 | Build | Farm |
| 15:47 | Create | Villager (Male) |
| 15:51 | Build | Farm |
| 15:56 | Build | Farm |
| 16:34 | Create | Villager (Male) |
| 16:44 | Research | Horse Collar |
| 16:49 | Research | Stone Mining |
| 17:07 | Create | Villager (Male) |
| 17:50 | Research | Castle Age |
| 17:53 | Research | Gold Mining |
| 18:04 | Research | Fletching |
| 18:22 | Build | Gate |
| 18:24 | Build | Gate |
| 18:27 | Create | Villager (Male) |
| 18:28 | Create | Villager (Male) |
| 18:28 | Create | Villager (Male) |
| 18:43 | Build | Farm |
| 18:49 | Build | Farm |
| 18:56 | Research | Town Watch |
| 19:10 | Research | Padded Archer Armor |
| 19:48 | Create | Villager (Male) |
| 19:48 | Create | Villager (Male) |
| 19:49 | Create | Villager (Male) |
| 20:06 | Build | House |
| 20:30 | Age | Castle Age |
| 20:33 | Build | Town Center |
| 20:39 | Research | Leather Archer Armor |
| 20:40 | Research | Bodkin Arrow |
| 20:44 | Research | Scale Mail Armor |
| 21:10 | Create | Villager (Male) |
| 21:27 | Build | Barracks |
| 21:36 | Create | Villager (Male) |
| 21:36 | Create | Villager (Male) |
| 21:36 | Create | Villager (Male) |
| 21:55 | Build | Castle |
| 22:22 | Build | Barracks |
| 22:31 | Create | Villager (Male) |
| 22:31 | Create | Villager (Male) |
| 22:32 | Create | Villager (Male) |
| 22:38 | Research | Heavy Plow |
| 23:02 | Research | Bow Saw |
| 23:12 | Create | Villager (Male) |
| 23:30 | Create | Villager (Male) |
| 23:30 | Create | Villager (Male) |
| 23:53 | Build | Monastery |
| 23:56 | Create | Villager (Male) |
| 23:56 | Create | Villager (Male) |
| 24:02 | Build | Mining Camp |
| 24:16 | Create | Monk |
| 24:16 | Create | Monk |
| 24:17 | Create | Monk |
| 24:29 | Research | Pikeman (upgrade) |
| 24:56 | Build | University |
| 24:57 | Build | House |
| 24:58 | Build | House |
| 24:59 | Build | House |
| 25:00 | Build | House |
| 25:04 | Build | Stone Wall |
| 25:06 | Build | Stone Wall |
| 25:35 | Create | Villager (Male) |
| 25:35 | Create | Villager (Male) |
| 25:36 | Create | Villager (Male) |
| 25:37 | Create | Villager (Male) |
| 25:49 | Create | Villager (Male) |
| 25:50 | Create | Villager (Male) |
| 25:50 | Create | Villager (Male) |
| 25:52 | Create | Villager (Male) |
| 25:57 | Build | Farm |
| 26:18 | Research | Ballistics |
| 26:19 | Research | Masonry |
| 26:32 | Build | Farm |
| 26:38 | Build | Farm |
| 26:41 | Create | Villager (Male) |
| 27:05 | Build | Farm |
| 27:29 | Build | Farm |
| 27:31 | Create | Villager (Male) |
| 27:31 | Create | Villager (Male) |
| 27:36 | Create | Villager (Male) |
| 27:37 | Create | Villager (Male) |
| 27:38 | Create | Villager (Male) |
| 27:58 | Create | Unit 1974 |
| 27:59 | Create | Unit 1974 |
| 27:59 | Create | Unit 1974 |
| 28:07 | Create | Unit 1974 |
| 28:26 | Build | Farm |
| 28:27 | Build | Farm |
| 28:30 | Create | Villager (Male) |
Build order — kuzeyin oğlu
First 150 of 344 actions detected
| 0:01 | Create | Villager (Male) |
| 0:01 | Create | Villager (Male) |
| 0:04 | Build | House |
| 0:06 | Build | House |
| 0:21 | Create | Villager (Male) |
| 0:21 | Create | Villager (Male) |
| 0:21 | Create | Villager (Male) |
| 1:41 | Create | Villager (Male) |
| 1:44 | Build | Lumber Camp |
| 2:03 | Create | Villager (Male) |
| 2:03 | Create | Villager (Male) |
| 2:29 | Create | Villager (Male) |
| 2:59 | Create | Villager (Male) |
| 3:22 | Create | Villager (Male) |
| 3:43 | Create | Villager (Male) |
| 4:05 | Build | House |
| 4:29 | Create | Villager (Male) |
| 4:57 | Build | Mill |
| 4:58 | Create | Villager (Male) |
| 4:59 | Create | Villager (Male) |
| 4:59 | Create | Villager (Male) |
| 5:04 | Create | Villager (Male) |
| 5:04 | Create | Villager (Male) |
| 5:49 | Create | Villager (Male) |
| 5:56 | Build | House |
| 6:03 | Build | House |
| 6:14 | Create | Villager (Male) |
| 6:14 | Create | Villager (Male) |
| 6:14 | Create | Villager (Male) |
| 6:25 | Create | Villager (Male) |
| 6:25 | Create | Villager (Male) |
| 7:31 | Build | Mining Camp |
| 8:02 | Build | Farm |
| 8:36 | Build | Farm |
| 8:43 | Research | Feudal Age |
| 9:13 | Create | Villager (Male) |
| 9:13 | Create | Villager (Male) |
| 9:17 | Build | Farm |
| 9:21 | Build | Farm |
| 9:54 | Build | Farm |
| 10:19 | Build | Farm |
| 11:04 | Build | House |
| 11:18 | Age | Feudal Age |
| 11:21 | Build | Blacksmith |
| 11:26 | Build | Market |
| 11:56 | Build | Farm |
| 12:02 | Create | Villager (Male) |
| 12:05 | Build | Farm |
| 12:43 | Research | Castle Age |
| 12:55 | Research | Double-Bit Axe |
| 14:13 | Create | Villager (Male) |
| 14:13 | Create | Villager (Male) |
| 15:23 | Age | Castle Age |
| 15:25 | Build | Town Center |
| 15:29 | Build | Town Center |
| 15:36 | Create | Villager (Male) |
| 15:54 | Research | Bow Saw |
| 16:22 | Research | Horse Collar |
| 16:22 | Research | Horse Collar |
| 16:35 | Create | Villager (Male) |
| 16:44 | Create | Villager (Male) |
| 16:45 | Create | Villager (Male) |
| 16:46 | Create | Villager (Male) |
| 16:49 | Build | Farm |
| 16:56 | Build | Farm |
| 16:58 | Create | Villager (Male) |
| 16:59 | Create | Villager (Male) |
| 17:02 | Create | Villager (Male) |
| 17:02 | Create | Villager (Male) |
| 17:07 | Build | Farm |
| 17:12 | Build | Farm |
| 17:22 | Build | Farm |
| 17:24 | Create | Villager (Male) |
| 17:31 | Build | Farm |
| 17:35 | Build | Farm |
| 17:42 | Create | Villager (Male) |
| 17:49 | Build | Farm |
| 17:59 | Create | Villager (Male) |
| 18:01 | Create | Villager (Male) |
| 18:06 | Build | Farm |
| 18:10 | Build | Farm |
| 18:19 | Create | Villager (Male) |
| 18:20 | Create | Villager (Male) |
| 18:25 | Create | Villager (Male) |
| 18:26 | Create | Villager (Male) |
| 18:29 | Build | Farm |
| 18:34 | Build | Farm |
| 18:44 | Build | Farm |
| 18:48 | Build | Farm |
| 18:51 | Create | Villager (Male) |
| 18:52 | Create | Villager (Male) |
| 18:52 | Create | Villager (Male) |
| 19:00 | Build | House |
| 19:01 | Build | House |
| 19:03 | Build | House |
| 19:06 | Create | Villager (Male) |
| 19:16 | Build | House |
| 19:23 | Create | Villager (Male) |
| 19:23 | Create | Villager (Male) |
| 19:28 | Build | Farm |
| 19:29 | Build | Farm |
| 19:32 | Build | Farm |
| 19:47 | Create | Villager (Male) |
| 19:48 | Create | Villager (Male) |
| 19:48 | Create | Villager (Male) |
| 19:54 | Build | Farm |
| 19:55 | Build | Farm |
| 19:55 | Build | Farm |
| 19:55 | Build | Farm |
| 20:01 | Create | Villager (Male) |
| 20:04 | Build | House |
| 20:05 | Build | House |
| 20:06 | Build | House |
| 20:13 | Create | Villager (Male) |
| 20:15 | Create | Villager (Male) |
| 20:15 | Create | Villager (Male) |
| 20:20 | Build | Farm |
| 20:25 | Build | Farm |
| 20:31 | Build | Mining Camp |
| 20:33 | Create | Villager (Male) |
| 20:37 | Research | Loom |
| 20:40 | Create | Villager (Male) |
| 20:40 | Create | Villager (Male) |
| 20:41 | Create | Villager (Male) |
| 20:48 | Build | Farm |
| 20:51 | Build | Farm |
| 20:55 | Build | Farm |
| 20:59 | Build | Farm |
| 21:15 | Create | Villager (Male) |
| 21:15 | Create | Villager (Male) |
| 21:15 | Create | Villager (Male) |
| 21:16 | Create | Villager (Male) |
| 21:18 | Build | House |
| 21:18 | Build | House |
| 21:19 | Build | House |
| 21:19 | Build | House |
| 21:19 | Build | House |
| 21:19 | Build | House |
| 21:20 | Build | House |
| 21:23 | Create | Villager (Male) |
| 21:24 | Create | Villager (Male) |
| 21:24 | Create | Villager (Male) |
| 21:26 | Create | Villager (Male) |
| 21:27 | Create | Villager (Male) |
| 21:32 | Build | Farm |
| 22:02 | Build | Monastery |
| 22:09 | Build | Farm |
| 22:30 | Create | Villager (Male) |
| 22:30 | Create | Villager (Male) |
| 22:30 | Create | Villager (Male) |
Build order — 费加兰德·红发香克斯
First 150 of 322 actions detected
| 0:01 | Create | Villager (Male) |
| 0:01 | Create | Villager (Male) |
| 0:02 | Create | Villager (Male) |
| 0:02 | Create | Villager (Male) |
| 0:02 | Create | Villager (Male) |
| 0:02 | Create | Villager (Male) |
| 1:23 | Create | Villager (Male) |
| 1:23 | Create | Villager (Male) |
| 1:57 | Create | Villager (Male) |
| 1:57 | Create | Villager (Male) |
| 2:20 | Create | Villager (Male) |
| 2:20 | Create | Villager (Male) |
| 2:42 | Build | Lumber Camp |
| 3:01 | Create | Villager (Male) |
| 3:02 | Create | Villager (Male) |
| 3:02 | Create | Villager (Male) |
| 3:49 | Create | Villager (Male) |
| 3:49 | Create | Villager (Male) |
| 3:49 | Create | Villager (Male) |
| 4:31 | Create | Villager (Male) |
| 6:16 | Build | Mill |
| 6:50 | Research | Feudal Age |
| 9:00 | Age | Feudal Age |
| 9:02 | Create | Villager (Male) |
| 9:02 | Create | Villager (Male) |
| 9:36 | Build | Market |
| 9:53 | Create | Villager (Male) |
| 10:34 | Build | Blacksmith |
| 10:40 | Create | Villager (Male) |
| 12:05 | Research | Castle Age |
| 12:43 | Research | Horse Collar |
| 14:32 | Create | Villager (Male) |
| 14:45 | Age | Castle Age |
| 14:51 | Build | Town Center |
| 15:12 | Build | Farm |
| 16:18 | Build | Farm |
| 16:19 | Build | Farm |
| 16:21 | Build | Farm |
| 16:22 | Build | Farm |
| 16:23 | Build | Farm |
| 16:24 | Build | Farm |
| 17:13 | Create | Villager (Male) |
| 17:46 | Build | Farm |
| 18:08 | Create | Villager (Male) |
| 18:08 | Create | Villager (Male) |
| 18:09 | Create | Villager (Male) |
| 18:09 | Create | Villager (Male) |
| 18:41 | Build | Farm |
| 18:58 | Build | Farm |
| 19:10 | Build | Farm |
| 19:14 | Create | Villager (Male) |
| 19:14 | Create | Villager (Male) |
| 19:14 | Create | Villager (Male) |
| 19:14 | Create | Villager (Male) |
| 19:38 | Create | Villager (Male) |
| 19:38 | Create | Villager (Male) |
| 20:12 | Build | Town Center |
| 20:18 | Create | Villager (Male) |
| 20:18 | Create | Villager (Male) |
| 20:18 | Create | Villager (Male) |
| 20:19 | Create | Villager (Male) |
| 20:36 | Build | Farm |
| 20:39 | Build | Farm |
| 20:52 | Build | Farm |
| 21:02 | Research | Double-Bit Axe |
| 21:18 | Build | Farm |
| 21:27 | Create | Villager (Male) |
| 21:27 | Create | Villager (Male) |
| 21:27 | Create | Villager (Male) |
| 21:28 | Create | Villager (Male) |
| 21:28 | Create | Villager (Male) |
| 21:29 | Create | Villager (Male) |
| 21:35 | Build | Farm |
| 22:01 | Build | Farm |
| 22:07 | Create | Villager (Male) |
| 22:07 | Create | Villager (Male) |
| 22:07 | Create | Villager (Male) |
| 22:24 | Build | Farm |
| 22:30 | Create | Villager (Male) |
| 22:30 | Create | Villager (Male) |
| 22:31 | Create | Villager (Male) |
| 22:46 | Build | Town Center |
| 22:56 | Build | Farm |
| 22:58 | Create | Villager (Male) |
| 22:58 | Create | Villager (Male) |
| 22:59 | Create | Villager (Male) |
| 23:13 | Build | Farm |
| 23:33 | Create | Villager (Male) |
| 23:34 | Create | Villager (Male) |
| 23:34 | Create | Villager (Male) |
| 23:38 | Build | Farm |
| 24:04 | Build | Farm |
| 24:10 | Build | Farm |
| 24:14 | Create | Villager (Male) |
| 24:14 | Create | Villager (Male) |
| 24:14 | Create | Villager (Male) |
| 24:20 | Create | Villager (Male) |
| 24:27 | Build | Farm |
| 24:28 | Build | Farm |
| 24:30 | Build | Farm |
| 24:43 | Create | Villager (Male) |
| 24:43 | Create | Villager (Male) |
| 24:44 | Create | Villager (Male) |
| 24:44 | Create | Villager (Male) |
| 24:59 | Build | Mill |
| 25:03 | Build | Farm |
| 25:12 | Create | Villager (Male) |
| 25:13 | Create | Villager (Male) |
| 25:13 | Create | Villager (Male) |
| 25:13 | Create | Villager (Male) |
| 25:16 | Build | Farm |
| 25:24 | Build | Farm |
| 25:25 | Build | Farm |
| 25:30 | Build | Farm |
| 25:37 | Build | Farm |
| 25:38 | Build | Farm |
| 25:44 | Build | Farm |
| 25:49 | Build | Farm |
| 25:55 | Create | Villager (Male) |
| 25:55 | Create | Villager (Male) |
| 25:56 | Create | Villager (Male) |
| 25:56 | Create | Villager (Male) |
| 26:22 | Create | Villager (Male) |
| 26:22 | Create | Villager (Male) |
| 26:23 | Create | Villager (Male) |
| 26:23 | Create | Villager (Male) |
| 26:32 | Build | Farm |
| 26:35 | Build | Farm |
| 26:40 | Build | Farm |
| 26:46 | Build | Farm |
| 27:01 | Build | Castle |
| 27:15 | Build | Farm |
| 27:20 | Create | Villager (Male) |
| 27:20 | Create | Villager (Male) |
| 27:20 | Create | Villager (Male) |
| 27:21 | Create | Villager (Male) |
| 27:38 | Build | Mill |
| 27:41 | Build | Farm |
| 27:42 | Build | Farm |
| 27:43 | Build | Farm |
| 27:45 | Build | Farm |
| 27:46 | Build | Farm |
| 27:47 | Build | Farm |
| 27:48 | Build | Farm |
| 27:50 | Build | Farm |
| 28:13 | Build | Farm |
| 28:17 | Build | Farm |
| 28:46 | Research | Imperial Age |
| 28:51 | Create | Villager (Male) |
| 28:51 | Create | Villager (Male) |
Build order — siarrez
First 150 of 403 actions detected
| 0:02 | Create | Villager (Male) |
| 0:02 | Create | Villager (Male) |
| 0:04 | Build | House |
| 0:06 | Build | House |
| 0:11 | Create | Villager (Male) |
| 0:12 | Create | Villager (Male) |
| 0:12 | Create | Villager (Male) |
| 1:38 | Create | Villager (Male) |
| 1:39 | Create | Villager (Male) |
| 2:05 | Create | Villager (Male) |
| 2:39 | Build | Lumber Camp |
| 2:48 | Create | Villager (Male) |
| 2:48 | Create | Villager (Male) |
| 3:35 | Create | Villager (Male) |
| 3:36 | Create | Villager (Male) |
| 3:36 | Create | Villager (Male) |
| 3:43 | Build | House |
| 3:44 | Build | House |
| 4:54 | Create | Villager (Male) |
| 4:54 | Create | Villager (Male) |
| 4:54 | Create | Villager (Male) |
| 4:55 | Create | Villager (Male) |
| 5:30 | Create | Villager (Male) |
| 5:30 | Create | Villager (Male) |
| 5:32 | Research | Loom |
| 5:57 | Build | Mining Camp |
| 6:18 | Build | Mill |
| 6:19 | Create | Villager (Male) |
| 6:19 | Create | Villager (Male) |
| 8:21 | Build | Barracks |
| 8:22 | Build | House |
| 8:23 | Build | House |
| 8:59 | Research | Feudal Age |
| 9:00 | Research | Feudal Age |
| 9:23 | Build | Mill |
| 10:00 | Build | Mining Camp |
| 10:47 | Create | Villager (Male) |
| 11:09 | Age | Feudal Age |
| 11:13 | Research | Double-Bit Axe |
| 11:14 | Research | Wheelbarrow |
| 11:22 | Build | Market |
| 11:27 | Create | Villager (Male) |
| 12:02 | Build | Blacksmith |
| 12:47 | Create | Villager (Male) |
| 13:13 | Research | Horse Collar |
| 13:20 | Build | Farm |
| 13:21 | Build | Farm |
| 13:37 | Create | Villager (Male) |
| 14:08 | Build | Farm |
| 14:09 | Build | Farm |
| 14:10 | Build | Farm |
| 14:21 | Research | Town Watch |
| 14:37 | Build | Farm |
| 14:38 | Build | Farm |
| 14:46 | Build | Farm |
| 14:55 | Create | Villager (Male) |
| 15:05 | Create | Villager (Male) |
| 15:11 | Build | Farm |
| 15:14 | Build | Farm |
| 15:34 | Create | Villager (Male) |
| 16:21 | Research | Castle Age |
| 16:47 | Research | Stone Mining |
| 18:58 | Create | Villager (Male) |
| 18:58 | Create | Villager (Male) |
| 19:01 | Age | Castle Age |
| 19:03 | Build | Town Center |
| 19:20 | Build | Town Center |
| 19:43 | Create | Villager (Male) |
| 19:44 | Create | Villager (Male) |
| 19:44 | Create | Villager (Male) |
| 19:44 | Create | Villager (Male) |
| 19:48 | Research | Hand Cart |
| 20:09 | Create | Villager (Male) |
| 20:10 | Create | Villager (Male) |
| 20:11 | Create | Villager (Male) |
| 20:11 | Create | Villager (Male) |
| 20:11 | Create | Villager (Male) |
| 20:30 | Create | Villager (Male) |
| 20:30 | Create | Villager (Male) |
| 20:31 | Create | Villager (Male) |
| 20:39 | Create | Villager (Male) |
| 20:39 | Create | Villager (Male) |
| 20:40 | Create | Villager (Male) |
| 20:40 | Create | Villager (Male) |
| 21:01 | Build | House |
| 21:02 | Build | House |
| 21:03 | Build | House |
| 21:04 | Build | House |
| 21:05 | Build | House |
| 21:24 | Research | Bow Saw |
| 21:52 | Research | Heavy Plow |
| 21:57 | Build | Farm |
| 21:58 | Build | Farm |
| 22:01 | Build | Farm |
| 22:10 | Create | Villager (Male) |
| 22:11 | Create | Villager (Male) |
| 22:20 | Create | Villager (Male) |
| 22:36 | Build | Lumber Camp |
| 22:43 | Create | Villager (Male) |
| 22:48 | Build | House |
| 22:49 | Build | House |
| 22:50 | Build | House |
| 22:56 | Build | University |
| 23:00 | Create | Villager (Male) |
| 23:01 | Create | Villager (Male) |
| 23:02 | Create | Villager (Male) |
| 23:24 | Build | Farm |
| 23:25 | Build | Farm |
| 23:27 | Build | Farm |
| 23:28 | Build | Farm |
| 23:38 | Build | Farm |
| 23:39 | Build | Farm |
| 23:49 | Create | Villager (Male) |
| 23:50 | Create | Villager (Male) |
| 23:51 | Create | Villager (Male) |
| 23:51 | Create | Villager (Male) |
| 23:54 | Create | Villager (Male) |
| 23:54 | Create | Villager (Male) |
| 24:01 | Build | Farm |
| 24:02 | Build | Farm |
| 24:03 | Build | Farm |
| 24:04 | Build | Farm |
| 24:15 | Research | Gold Mining |
| 24:25 | Create | Villager (Male) |
| 24:38 | Build | Farm |
| 24:39 | Build | Farm |
| 24:40 | Build | Farm |
| 24:41 | Build | Farm |
| 24:46 | Build | Farm |
| 24:52 | Build | Farm |
| 24:58 | Build | House |
| 25:01 | Create | Villager (Male) |
| 25:01 | Create | Villager (Male) |
| 25:02 | Create | Villager (Male) |
| 25:02 | Create | Villager (Male) |
| 25:04 | Create | Villager (Male) |
| 25:04 | Create | Villager (Male) |
| 25:12 | Build | Farm |
| 25:17 | Build | Farm |
| 25:29 | Research | Gold Shaft Mining |
| 25:49 | Create | Villager (Male) |
| 25:49 | Create | Villager (Male) |
| 25:51 | Create | Villager (Male) |
| 25:51 | Create | Villager (Male) |
| 25:56 | Create | Villager (Male) |
| 25:59 | Build | Farm |
| 26:59 | Build | Castle |
| 27:04 | Build | House |
| 27:05 | Build | House |
| 27:08 | Research | Murder Holes |
Build order — G.Best
First 150 of 291 actions detected
| 0:00 | Create | Villager (Male) |
| 0:01 | Create | Villager (Male) |
| 0:01 | Create | Villager (Male) |
| 0:03 | Build | House |
| 0:06 | Build | House |
| 0:42 | Create | Villager (Male) |
| 0:42 | Create | Villager (Male) |
| 1:36 | Create | Villager (Male) |
| 1:37 | Create | Villager (Male) |
| 1:49 | Build | Lumber Camp |
| 2:05 | Create | Villager (Male) |
| 2:45 | Create | Villager (Male) |
| 2:45 | Create | Villager (Male) |
| 3:13 | Create | Villager (Male) |
| 3:19 | Create | Villager (Male) |
| 3:20 | Create | Villager (Male) |
| 3:49 | Build | House |
| 4:00 | Create | Villager (Male) |
| 4:01 | Create | Villager (Male) |
| 4:17 | Build | Mill |
| 4:55 | Create | Villager (Male) |
| 4:55 | Create | Villager (Male) |
| 5:23 | Create | Villager (Male) |
| 5:47 | Create | Villager (Male) |
| 6:29 | Build | Lumber Camp |
| 6:31 | Create | Villager (Male) |
| 6:32 | Create | Villager (Male) |
| 6:32 | Create | Villager (Male) |
| 6:33 | Create | Villager (Male) |
| 6:53 | Create | Villager (Male) |
| 6:54 | Create | Villager (Male) |
| 7:25 | Build | House |
| 7:57 | Create | Villager (Male) |
| 7:57 | Create | Villager (Male) |
| 7:57 | Create | Villager (Male) |
| 8:08 | Build | Mill |
| 8:27 | Create | Villager (Male) |
| 8:32 | Build | House |
| 9:02 | Create | Villager (Male) |
| 9:03 | Create | Villager (Male) |
| 9:39 | Create | Villager (Male) |
| 9:40 | Create | Villager (Male) |
| 9:40 | Create | Villager (Male) |
| 10:14 | Build | Mining Camp |
| 11:03 | Research | Feudal Age |
| 12:12 | Build | Farm |
| 12:12 | Build | Farm |
| 12:13 | Build | Farm |
| 12:13 | Build | Farm |
| 12:13 | Build | Farm |
| 12:14 | Build | Farm |
| 12:47 | Build | Barracks |
| 12:49 | Build | Barracks |
| 12:58 | Build | Farm |
| 12:59 | Build | Farm |
| 12:59 | Build | Farm |
| 13:14 | Build | House |
| 13:15 | Build | House |
| 13:16 | Build | House |
| 13:18 | Build | House |
| 13:19 | Build | House |
| 13:21 | Build | House |
| 13:23 | Build | House |
| 13:25 | Build | House |
| 13:27 | Build | House |
| 13:28 | Build | House |
| 13:28 | Build | House |
| 13:28 | Build | House |
| 13:29 | Build | House |
| 13:29 | Build | House |
| 13:30 | Build | House |
| 13:30 | Build | House |
| 13:31 | Build | House |
| 13:38 | Create | Villager (Male) |
| 13:39 | Create | Villager (Male) |
| 13:39 | Create | Villager (Male) |
| 13:39 | Create | Villager (Male) |
| 14:09 | Age | Feudal Age |
| 14:10 | Research | Horse Collar |
| 14:10 | Research | Horse Collar |
| 14:14 | Research | Gold Mining |
| 14:32 | Research | Double-Bit Axe |
| 14:35 | Create | Villager (Male) |
| 14:35 | Create | Villager (Male) |
| 14:36 | Create | Villager (Male) |
| 15:02 | Create | Villager (Male) |
| 15:38 | Build | Blacksmith |
| 15:58 | Build | Farm |
| 15:58 | Build | Farm |
| 15:59 | Build | Farm |
| 15:59 | Build | Farm |
| 16:00 | Build | Farm |
| 16:43 | Build | Market |
| 17:13 | Create | Villager (Male) |
| 17:13 | Create | Villager (Male) |
| 17:22 | Build | Lumber Camp |
| 17:52 | Build | Mining Camp |
| 17:56 | Create | Villager (Male) |
| 17:56 | Create | Villager (Male) |
| 17:58 | Research | Castle Age |
| 18:19 | Research | Scale Mail Armor |
| 18:21 | Research | Forging |
| 18:41 | Research | Man-at-Arms (upgrade) |
| 19:44 | Build | House |
| 19:45 | Build | House |
| 19:46 | Build | House |
| 19:47 | Build | House |
| 19:48 | Build | House |
| 19:49 | Build | House |
| 19:50 | Build | House |
| 19:52 | Build | House |
| 19:53 | Build | House |
| 19:54 | Build | House |
| 19:55 | Build | House |
| 19:55 | Build | House |
| 19:56 | Build | House |
| 19:58 | Build | House |
| 19:59 | Build | House |
| 20:03 | Build | House |
| 20:03 | Build | House |
| 20:03 | Build | House |
| 20:04 | Build | House |
| 20:04 | Build | House |
| 20:04 | Build | House |
| 20:04 | Build | House |
| 20:05 | Build | House |
| 20:05 | Build | House |
| 20:15 | Create | Villager (Male) |
| 20:16 | Create | Villager (Male) |
| 20:16 | Create | Villager (Male) |
| 20:18 | Research | Loom |
| 20:19 | Research | Wheelbarrow |
| 20:29 | Build | Farm |
| 20:30 | Build | Farm |
| 20:30 | Build | Farm |
| 20:30 | Build | Farm |
| 20:30 | Build | Farm |
| 20:31 | Build | Farm |
| 20:31 | Build | Farm |
| 20:31 | Build | Farm |
| 20:31 | Build | Farm |
| 20:36 | Create | Villager (Male) |
| 20:37 | Create | Villager (Male) |
| 20:37 | Create | Villager (Male) |
| 20:59 | Age | Castle Age |
| 21:00 | Research | Chain Mail Armor |
| 21:13 | Build | Siege Workshop |
| 21:17 | Build | Siege Workshop |
| 21:33 | Research | Long Swordsman (upgrade) |
| 21:43 | Create | Militia |
Build order — oos
126 actions detected in the replay
| 0:05 | Create | Villager (Male) |
| 0:07 | Research | Loom |
| 0:08 | Create | Villager (Male) ×3 |
| 0:08 | Create | Villager (Male) ×3 |
| 0:13 | Build | House |
| 0:55 | Build | Lumber Camp |
| 1:31 | Build | House |
| 1:32 | Build | House |
| 1:34 | Build | House |
| 2:01 | Create | Villager (Male) |
| 2:01 | Create | Villager (Male) |
| 2:02 | Create | Villager (Male) |
| 2:02 | Create | Villager (Male) |
| 2:37 | Create | Villager (Male) |
| 2:37 | Create | Villager (Male) |
| 3:04 | Create | Villager (Male) |
| 3:04 | Create | Villager (Male) |
| 3:49 | Create | Villager (Male) |
| 3:50 | Create | Villager (Male) |
| 4:41 | Build | Mill |
| 4:55 | Create | Villager (Male) |
| 4:56 | Create | Villager (Male) |
| 5:36 | Create | Villager (Male) |
| 5:37 | Create | Villager (Male) ×2 |
| 5:38 | Create | Villager (Male) |
| 6:38 | Create | Villager (Male) ×5 |
| 6:38 | Create | Villager (Male) ×5 |
| 6:39 | Create | Villager (Male) ×5 |
| 6:39 | Create | Villager (Male) |
| 7:04 | Create | Villager (Male) |
| 7:05 | Create | Villager (Male) |
| 7:05 | Create | Villager (Male) |
| 7:22 | Build | Mill |
| 8:14 | Research | Feudal Age |
| 8:39 | Build | Mining Camp |
| 10:25 | Build | Barracks |
| 10:35 | Build | Mining Camp |
| 10:41 | Age | Feudal Age |
| 10:46 | Research | Wheelbarrow |
| 10:50 | Research | Double-Bit Axe |
| 10:56 | Research | Horse Collar |
| 11:19 | Build | Lumber Camp |
| 11:52 | Research | Town Watch |
| 12:23 | Create | Villager (Male) ×2 |
| 12:23 | Create | Villager (Male) ×2 |
| 13:05 | Build | Blacksmith |
| 13:11 | Create | Villager (Male) |
| 13:23 | Build | Farm |
| 13:25 | Build | Farm |
| 13:27 | Build | Farm |
| 13:28 | Build | Farm |
| 13:30 | Build | Farm |
| 13:32 | Build | Farm |
| 13:34 | Build | Farm |
| 13:36 | Build | Farm |
| 13:41 | Create | Villager (Male) |
| 14:00 | Create | Villager (Male) |
| 14:17 | Build | Farm |
| 14:18 | Build | Farm |
| 14:21 | Build | Farm |
| 14:32 | Build | House |
| 14:34 | Build | House |
| 14:35 | Build | House |
| 14:36 | Build | House |
| 14:40 | Build | House |
| 14:42 | Build | House |
| 15:23 | Build | Market |
| 15:28 | Create | Villager (Male) |
| 15:28 | Create | Villager (Male) |
| 15:28 | Create | Villager (Male) |
| 16:34 | Create | Villager (Male) |
| 16:36 | Create | Villager (Male) |
| 16:52 | Build | Archery Range |
| 17:00 | Build | Stable |
| 17:40 | Build | Farm |
| 17:47 | Build | Farm |
| 17:49 | Build | Farm |
| 17:51 | Build | Farm |
| 17:53 | Build | Farm |
| 17:59 | Build | Farm |
| 18:01 | Build | Farm |
| 18:04 | Build | Farm |
| 18:05 | Build | Farm |
| 18:16 | Create | Villager (Male) |
| 18:16 | Create | Villager (Male) |
| 19:14 | Build | Barracks |
| 19:18 | Research | Castle Age |
| 19:27 | Research | Gold Mining |
| 19:59 | Research | Stone Mining |
| 20:10 | Create | Archer ×2 |
| 20:10 | Create | Archer ×2 |
| 20:11 | Create | Archer ×2 |
| 20:41 | Create | Trade Cart |
| 21:24 | Build | Lumber Camp |
| 21:58 | Age | Castle Age |
| 22:20 | Build | Town Center |
| 22:29 | Build | Town Center |
| 22:36 | Research | Heavy Plow |
| 22:42 | Research | Stone Shaft Mining |
| 22:45 | Research | Gold Shaft Mining |
| 22:51 | Research | Bow Saw |
| 22:56 | Create | Villager (Male) |
| 22:57 | Create | Villager (Male) |
| 23:23 | Create | Villager (Male) |
| 23:23 | Create | Villager (Male) |
| 23:38 | Create | Trade Cart |
| 23:47 | Create | Knight |
| 23:47 | Create | Knight |
| 23:47 | Create | Knight |
| 24:05 | Build | Monastery |
| 24:11 | Build | Castle |
| 24:29 | Create | Spearman ×3 |
| 24:29 | Create | Spearman ×3 |
| 24:56 | Create | Villager (Male) |
| 24:57 | Create | Villager (Male) |
| 25:43 | Build | House |
| 25:43 | Build | House |
| 25:43 | Build | House |
| 25:44 | Build | House |
| 25:44 | Build | House |
| 25:54 | Build | Siege Workshop |
| 25:55 | Build | Siege Workshop |
| 25:57 | Build | Siege Workshop |
| 26:20 | Create | Woad Raider ×5 |
| 26:21 | Create | Woad Raider ×5 |
| 26:21 | Create | Woad Raider |
Build order — Sam Gupta
First 150 of 343 actions detected
| 0:02 | Research | Loom |
| 0:02 | Create | Villager (Male) |
| 0:02 | Create | Villager (Male) |
| 0:02 | Create | Villager (Male) |
| 0:03 | Create | Villager (Male) |
| 0:03 | Create | Villager (Male) |
| 0:03 | Create | Villager (Male) |
| 0:06 | Build | House |
| 0:08 | Build | House |
| 0:10 | Build | House |
| 1:33 | Create | Villager (Male) |
| 2:13 | Create | Villager (Male) |
| 2:14 | Create | Villager (Male) |
| 2:52 | Create | Villager (Male) |
| 3:04 | Create | Villager (Male) |
| 3:14 | Create | Villager (Male) |
| 3:41 | Create | Villager (Male) |
| 4:25 | Create | Villager (Male) |
| 4:25 | Create | Villager (Male) |
| 4:26 | Create | Villager (Male) |
| 4:27 | Create | Villager (Male) |
| 5:16 | Build | House |
| 5:18 | Build | House |
| 5:21 | Build | House |
| 5:32 | Build | Mill |
| 6:38 | Create | Villager (Male) |
| 6:39 | Create | Villager (Male) |
| 6:40 | Create | Villager (Male) |
| 6:41 | Create | Villager (Male) |
| 6:41 | Create | Villager (Male) |
| 7:17 | Build | Lumber Camp |
| 8:10 | Create | Villager (Male) |
| 8:10 | Create | Villager (Male) |
| 8:11 | Create | Villager (Male) |
| 8:20 | Build | Farm |
| 8:26 | Build | Farm |
| 9:11 | Research | Feudal Age |
| 9:21 | Build | Mining Camp |
| 10:11 | Create | Villager (Male) |
| 10:12 | Create | Villager (Male) |
| 12:12 | Age | Feudal Age |
| 12:15 | Build | Market |
| 12:19 | Build | Blacksmith |
| 13:13 | Build | House |
| 13:15 | Build | House |
| 13:17 | Build | House |
| 13:41 | Research | Castle Age |
| 14:20 | Build | Barracks |
| 14:28 | Research | Double-Bit Axe |
| 14:55 | Research | Horse Collar |
| 15:03 | Create | Villager (Male) |
| 15:33 | Build | Archery Range |
| 15:39 | Build | Archery Range |
| 15:47 | Build | House |
| 15:49 | Build | House |
| 15:56 | Create | Villager (Male) |
| 16:03 | Research | Fletching |
| 16:21 | Create | Spearman |
| 16:21 | Age | Castle Age |
| 16:28 | Create | Archer |
| 16:35 | Create | Archer |
| 16:38 | Create | Villager (Male) |
| 16:42 | Create | Villager (Male) |
| 16:47 | Build | Farm |
| 16:48 | Build | Farm |
| 16:49 | Build | Farm |
| 16:50 | Build | Farm |
| 16:51 | Build | Farm |
| 16:53 | Build | Farm |
| 16:54 | Build | Farm |
| 17:19 | Create | Archer |
| 17:22 | Build | Farm |
| 17:26 | Build | Farm |
| 17:28 | Create | Villager (Male) |
| 17:31 | Create | Archer |
| 18:04 | Create | Villager (Male) |
| 18:11 | Create | Archer |
| 18:30 | Create | Villager (Male) |
| 18:35 | Create | Archer |
| 19:08 | Create | Villager (Male) |
| 19:13 | Build | House |
| 19:15 | Build | House |
| 19:18 | Build | House |
| 19:20 | Create | Villager (Male) |
| 19:23 | Create | Archer |
| 19:30 | Create | Archer |
| 19:44 | Create | Archer |
| 19:55 | Research | Crossbowman (upgrade) |
| 20:11 | Create | Villager (Male) |
| 20:17 | Create | Archer |
| 20:33 | Create | Villager (Male) |
| 20:57 | Create | Villager (Male) |
| 21:00 | Create | Archer |
| 21:12 | Create | Villager (Male) |
| 21:23 | Build | House |
| 21:25 | Build | House |
| 21:26 | Build | House |
| 21:27 | Build | House |
| 21:32 | Create | Villager (Male) |
| 21:48 | Build | Farm |
| 21:48 | Build | Farm |
| 21:49 | Build | Farm |
| 21:50 | Build | Farm |
| 21:50 | Build | Farm |
| 21:51 | Build | Farm |
| 21:51 | Build | Farm |
| 21:52 | Build | Farm |
| 21:53 | Build | Farm |
| 21:54 | Build | Farm |
| 21:55 | Build | Farm |
| 21:56 | Build | Farm |
| 21:56 | Build | Farm |
| 21:57 | Build | Farm |
| 21:57 | Build | Farm |
| 21:58 | Build | Farm |
| 21:59 | Build | Farm |
| 21:59 | Build | Farm |
| 22:03 | Create | Villager (Male) |
| 22:10 | Research | Town Watch |
| 22:26 | Build | Lumber Camp |
| 22:35 | Research | Padded Archer Armor |
| 22:37 | Create | Archer |
| 22:45 | Create | Villager (Male) |
| 23:04 | Create | Villager (Male) |
| 23:12 | Create | Archer |
| 23:20 | Build | House |
| 23:22 | Build | House |
| 23:24 | Build | House |
| 23:28 | Create | Villager (Male) |
| 23:33 | Research | Gold Mining |
| 24:19 | Research | Bodkin Arrow |
| 24:22 | Create | Archer |
| 24:32 | Create | Archer |
| 24:53 | Build | House |
| 24:55 | Build | House |
| 24:55 | Build | House |
| 25:00 | Create | Archer |
| 25:01 | Create | Archer |
| 25:09 | Create | Archer |
| 25:13 | Create | Archer |
| 25:16 | Research | Leather Archer Armor |
| 25:21 | Build | University |
| 25:27 | Create | Villager (Male) |
| 25:33 | Create | Villager (Male) |
| 25:33 | Create | Villager (Male) |
| 26:22 | Create | Archer |
| 26:23 | Create | Archer |
| 26:27 | Create | Archer |
| 26:46 | Build | House |
| 26:47 | Build | House |
Match timeline
| 8:21 | siarrez · first_building Barracks |
| 9:00 | 费加兰德·红发香克斯 · age_up feudal |
| 9:56 | Kelvin.Xu · age_up feudal |
| 10:25 | oos · first_building Barracks |
| 10:41 | oos · age_up feudal |
| 11:09 | siarrez · age_up feudal |
| 11:18 | kuzeyin oğlu · age_up feudal |
| 11:55 | Ana Catalina · age_up feudal |
| 12:12 | Sam Gupta · age_up feudal |
| 12:24 | kuzeyin oğlu · first_market_sell 100 stone |
| 12:25 | kuzeyin oğlu · first_market_buy 100 food |
| 12:47 | G.Best · first_building Barracks |
| 14:09 | G.Best · age_up feudal |
| 14:20 | Sam Gupta · first_building Barracks |
| 14:45 | 费加兰德·红发香克斯 · age_up castle |
| 15:23 | kuzeyin oğlu · age_up castle |
| 15:33 | Sam Gupta · first_building Archery Range |
| 16:21 | Sam Gupta · age_up castle |
| 16:52 | oos · first_building Archery Range |
| 17:00 | oos · first_building Stable |
| 18:07 | Kelvin.Xu · age_up castle |
| 18:35 | G.Best · first_market_buy 100 food |
| 19:01 | siarrez · age_up castle |
| 20:30 | Ana Catalina · age_up castle |
| 20:33 | Kelvin.Xu · first_building Monastery |
| 20:59 | G.Best · age_up castle |
| 21:13 | G.Best · first_building Siege Workshop |
| 21:27 | Ana Catalina · first_building Barracks |
| 21:55 | Ana Catalina · first_building Castle |
| 21:58 | oos · age_up castle |
| 22:02 | kuzeyin oğlu · first_building Monastery |
| 22:54 | kuzeyin oğlu · first_building Barracks |
| 23:53 | Ana Catalina · first_building Monastery |
| 24:05 | oos · first_building Monastery |
| 24:11 | oos · first_building Castle |
| 25:04 | Ana Catalina · wall_segment Stone Wall x1 |
| 25:06 | Ana Catalina · wall_segment Stone Wall x7 |
| 25:21 | G.Best · first_market_sell 100 wood |
| 25:27 | Kelvin.Xu · first_building Castle |
| 25:54 | oos · first_building Siege Workshop |
| 26:08 | kuzeyin oğlu · first_building Castle |
| 26:59 | siarrez · first_building Castle |
| 27:01 | 费加兰德·红发香克斯 · first_building Castle |
| 27:05 | Kelvin.Xu · first_building Siege Workshop |
| 27:35 | siarrez · first_building Stable |
| 27:59 | kuzeyin oğlu · first_building Siege Workshop |
| 28:23 | 费加兰德·红发香克斯 · first_market_sell 100 food |
| 28:25 | kuzeyin oğlu · age_up imperial |
| 30:52 | Kelvin.Xu · age_up imperial |
| 31:12 | 费加兰德·红发香克斯 · first_building Barracks |
| 31:25 | Sam Gupta · first_market_sell 100 food |
| 31:27 | Sam Gupta · first_market_buy 100 wood |
| 31:56 | 费加兰德·红发香克斯 · age_up imperial |
| 32:02 | 费加兰德·红发香克斯 · first_building Stable |
| 32:08 | Kelvin.Xu · first_building Barracks |
| 33:43 | Kelvin.Xu · first_building Archery Range |
| 34:26 | siarrez · first_building Siege Workshop |
| 35:24 | G.Best · first_building Monastery |
| 36:12 | Sam Gupta · first_building Castle |
| 36:30 | Sam Gupta · first_building Monastery |
| 37:03 | Ana Catalina · age_up imperial |
| 37:12 | siarrez · age_up imperial |
| 37:45 | siarrez · first_market_sell 100 food |
| 38:35 | oos · resign |
| 39:58 | G.Best · age_up imperial |
| 44:00 | Sam Gupta · age_up imperial |
| 44:43 | Ana Catalina · first_building Stable |
[ AI ANALYSIS · 1 CREDIT ]
What really happened in this match?
Wolo.gg analyzes every decision: build order, eco, micro, common mistakes by bracket. Personalized analysis on WhatsApp or Discord in 30 seconds.
Civ guide
Magyars
Perfil
Jugador #17217710